 Dungeon Crawl Stone Soup version 0.22.1-1-ga44c0e56f4 (webtiles) character file.

3791 LLavrengius the Covert (level 9, -8/57 HPs)
             Began as a Vampire Enchanter on Nov 10, 2018.
             Was a Priest of Kikubaaqudgha.
             Mangled by Harold
             ... wielding a +0 glaive
              (25 damage)
             ... on level 8 of the Dungeon.
             The game lasted 00:44:54 (9062 turns).

LLavrengius the Covert (Vampire Enchanter)          Turns: 9062, Time: 00:44:54

Health: -8/57      AC:  3    Str:  7    XL:     9   Next: 95%
Magic:  6/14       EV: 13    Int: 17    God:    Kikubaaqudgha [***...]
Gold:   437        SH:  0    Dex: 23    Spells: 3/15 levels left

rFire    . . .     SeeInvis +   D - +2 dagger (venom)
rCold    + + .     Gourm    .   (no shield)
rNeg     + + +     Faith    .   b - +0 robe
rPois    ∞         Spirit   .   (no helmet)
rElec    .         Reflect  .   (no cloak)
rCorr    .         Harm     .   (no gloves)
MR       .....                  o - +0 pair of boots
Stlth    ++++++++..             (no amulet)
HPRegen  0.00/turn              z - ring of stealth
MPRegen  0.14/turn              u - +5 ring of dexterity

@: bloodless, non-regenerating
A: fangs 3, see invisible, unbreathing
a: Bat Form, Receive Corpses, Renounce Religion


You were on level 8 of the Dungeon.
You worshipped Kikubaaqudgha.
Kikubaaqudgha was most pleased with you.
You were bloodless.

You visited 1 branch of the dungeon, and saw 8 of its levels.

You collected 437 gold pieces.

Inventory:

Hand Weapons
 s - a +0 shortbow of freezing
 y - a +1 rapier
 B - a +2 scimitar of flaming
 D - a +2 dagger of venom (weapon)
Missiles
 i - 182 stones (quivered)
 t - 104 arrows
Armour
 b - a +0 robe (worn)
 o - a +0 pair of boots (worn)
Jewellery
 a - an uncursed ring of poison resistance
 u - a +5 ring of dexterity (right hand)
 z - a ring of stealth (left hand)
Wands
 w - a wand of iceblast (12)
Scrolls
 c - 5 scrolls of teleportation
 e - 6 scrolls of identify
 g - 3 scrolls of fog
 l - a scroll of random uselessness {unknown}
 p - 5 scrolls of immolation
 q - a scroll of magic mapping {unknown}
 r - a scroll of amnesia {unknown}
Potions
 d - 17 potions of blood
 f - a potion of invisibility {unknown}
 h - a potion of haste {unknown}
 j - a potion of resistance {unknown}
 k - 3 potions of heal wounds
 m - 4 potions of curing {unknown}
 n - a potion of mutation {unknown}
 v - a potion of lignification {unknown}
 x - a potion of agility {unknown}
 A - 2 potions of ambrosia {unknown}
 C - a potion of brilliance {unknown}


   Skills:
 - Level 10.0 Short Blades
 - Level 2.1 Dodging
 + Level 10.8 Stealth
 + Level 3.6 Spellcasting
 - Level 9.0 Hexes
 + Level 6.0 Necromancy
 - Level 2.0 Ice Magic


You had 3 spell levels left.
You knew the following spells:

 Your Spells              Type           Power        Failure   Level  Hunger
a - Corona                Hex            ####...      1%          1    None
b - Ensorcelled Hibernat  Hex/Ice        ###...       2%          2    ##.....
c - Confuse               Hex            ####....     1%          3    ###....
d - Tukima's Dance        Hex            ####....     1%          3    ###....
e - Dazzling Spray        Conj/Hex       ###...       8%          3    ###....

Your spell library contained the following spells:

 Spells                   Type           Power        Failure   Level  Hunger
 Animate Skeleton         Necr           N/A          1%          1    None
 Confusing Touch          Hex            ####..       1%          1    None
 Pain                     Necr           ###.         1%          1    None
 Sublimation of Blood     Necr           ###.......   1%          2    ##.....
 Vampiric Draining        Necr           ###.......   4%          3    ###....
 Gell's Gravitas          Tloc           #.........   43%         3    ###....
 Animate Dead             Necr           N/A          14%         4    ####...
 Dispel Undead            Necr           ###.....     36%         5    ######.
 Metabolic Englaciation   Hex/Ice        ###.......   43%         5    ######.
 Yara's Violent Unravell  Hex/Tmut       ###.......   56%         5    ######.
 Bolt of Draining         Conj/Necr      ##........   78%         5    ######.
 Borgnjor's Vile Clutch   Necr/Erth      ##........   78%         5    ######.
 Petrify                  Tmut/Erth      #.......     85%         4    ####...
 Simulacrum               Ice/Necr       ###.......   99%         6    #######


Dungeon Overview and Level Annotations

Branches:
Dungeon (8/15)             Temple (0/1) D:5
   Lair: D:8-11

Altars:
Kikubaaqudgha
Makhleb
Okawaru
Trog
Vehumet
The Shining One

Shops:
D:8 (

Annotations:
D:8 Harold


Innate Abilities, Weirdness & Mutations

You do not heal naturally.
You are immune to poison.
You have razor-sharp teeth.
You have supernaturally acute eyesight. (SInv)
You can survive without breathing.


Message History

You are yanked forward by the harpoon shot.
Casting: Confuse (safe; 1% risk of failure)
Confirm with . or Enter, or press ? or * to list all spells.
Aiming: Confuse (safe; 1% risk of failure)
Press: ? - help, Shift-Dir - straight line, f/p - Harold
Aim: Harold, wielding a glaive and wearing a chain mail (chance to defeat MR: Harold easily resists.
Harold hits you with a glaive!!
Harold throws a throwing net.
The throwing net hits you.
You become entangled in the net!
You see here a throwing net.
You struggle against the net.
You struggle against the net.
Harold completely misses you.
You struggle against the net.
Harold hits you from afar with a glaive!
* * * LOW HITPOINT WARNING * * *
You rip the net and break free!
Harold says, "This is so exciting!
What a great way to end my career!"
Harold hits you from afar with a glaive!!
You die...
Kikubaaqudgha rasps: "You have failed me!
Welcome... oblivion!"

#.# #...###.#
#.######.####.#####
..................#
#.###########..###.##
#.# #..# #.# #.#
##.###.# <.# ##
##....# ### .. ##.#.#
####.###@# #.....@..#
#.##.##### # ### ..#


You could see Harold.

Vanquished Creatures
  Erica (D:8)
  A centaur skeleton (D:8)
  A hippogriff (D:8)
  Sigmund (D:3)
  2 humans (D:7)
  An ice beast (D:7)
  A sky beast (D:8)
  A black bear (D:5)
  4 centaurs
  4 ogres
  A bullfrog (D:7)
  2 wyvern zombies (D:8)
  3 scorpions
  A howler monkey (D:4)
  A centaur zombie (D:5)
  3 crimson imps
  3 hounds
  A jelly (D:5)
  An orc priest (D:4)
  An iguana (D:6)
  8 orc wizards
  5 worker ants
  A killer bee zombie (D:8)
  A hound zombie (D:8)
  A howler monkey zombie (D:8)
  4 gnolls
  4 adders
  2 shadow imps
  An adder zombie (D:8)
  A worm (D:3)
  6 dart slugs
  7 leopard geckos
  22 orcs
  2 ball pythons
  8 bats
  5 giant cockroaches
  7 goblins
  7 hobgoblins
  14 jackals
  8 kobolds
  6 quokkas
  3 frilled lizards
  A leopard gecko zombie (D:7)
  8 rats
166 creatures vanquished.

Notes
Turn   | Place    | Note
-------+----------+-------------------------------------------
     0 | D:1      | LLavrengius the Vampire Enchanter began the quest for the
                  | Orb.
     0 | D:1      | Reached XP level 1. HP: 13/13 MP: 3/3
   166 | D:1      | Reached skill level 5 in Hexes
   425 | D:1      | Reached XP level 2. HP: 16/19 MP: 5/5
   429 | D:1      | Learned a level 2 spell: Ensorcelled Hibernation
  1679 | D:2      | Reached XP level 3. HP: 24/24 MP: 6/6
  1755 | D:2      | Learned a level 3 spell: Confuse
  2023 | D:2      | Found an ancient bone altar of Kikubaaqudgha.
  2037 | D:2      | Became a worshipper of Kikubaaqudgha
  2133 | D:2      | Found a burning altar of Makhleb.
  2136 | D:2      | Reached XP level 4. HP: 30/30 MP: 7/7
  2191 | D:3      | Noticed Sigmund
  2687 | D:3      | Reached XP level 5. HP: 28/35 MP: 5/8
  2797 | D:3      | Killed Sigmund
  2797 | D:3      | Reached skill level 5 in Stealth
  2797 | D:3      | Reached XP level 6. HP: 32/41 MP: 1/9
  2952 | D:3      | Reached * piety under Kikubaaqudgha
  2952 | D:3      | Identified Kikubaaqudgha's Reference Book on Necromancy
                  | (Kikubaaqudgha gifted it to you on level 3 of the Dungeon)
  2952 | D:3      | Received a gift from Kikubaaqudgha
  3764 | D:3      | Found a radiant altar of Vehumet.
  4242 | D:4      | Found a glowing golden altar of the Shining One.
  4572 | D:4      | Reached XP level 7. HP: 46/46 MP: 10/10
  4599 | D:4      | Reached skill level 5 in Short Blades
  4874 | D:4      | Found a bloodstained altar of Trog.
  4940 | D:5      | Entered Level 5 of the Dungeon
  4977 | D:5      | Reached skill level 1 in Necromancy
  5025 | D:5      | Reached skill level 1 in Ice Magic
  5173 | D:4      | HP: 2/46 [centaur (6)]
  5694 | D:5      | Found a staircase to the Ecumenical Temple.
  5899 | D:5      | Reached ** piety under Kikubaaqudgha
  6050 | D:5      | Reached XP level 8. HP: 47/52 MP: 7/11
  7117 | D:7      | Found an iron altar of Okawaru.
  7218 | D:7      | Reached XP level 9. HP: 57/57 MP: 6/12
  7651 | D:7      | Learned a level 3 spell: Tukima's Dance
  7655 | D:7      | Learned a level 3 spell: Dazzling Spray
  7937 | D:8      | Noticed Erica
  7939 | D:8      | Killed Erica
  7939 | D:8      | Reached skill level 10 in Stealth
  7939 | D:8      | Reached skill level 5 in Necromancy
  8015 | D:8      | Found Bokeriud's Antique Weapon Boutique.
  8938 | D:8      | Reached *** piety under Kikubaaqudgha
  8938 | D:8      | Identified Kikubaaqudgha's Incunabulum of Unholy Rites
                  | (Kikubaaqudgha gifted it to you on level 8 of the Dungeon)
  8938 | D:8      | Received a gift from Kikubaaqudgha
  8987 | D:8      | Reached skill level 10 in Short Blades
  9052 | D:8      | Noticed Harold
  9062 | D:8      | Mangled by Harold

Skill      XL: |  1  2  3  4  5  6  7  8  9 |
---------------+----------------------------+-----
Hexes          | 5 6 7 8 9 |  9.0
Short Blades   | 2 3 4 6 8 10 | 10.0
Stealth        | 5 6 7 9 10 | 10.8
Necromancy     | 2 4 6 |  6.0
Ice Magic      | 2 |  2.0
Spellcasting   | 3 |  3.6
Dodging        | |  2.1

Action                   |  1- 3 |  4- 6 |  7- 9 || total
-------------------------+-------+-------+-------++-------
Melee: Dagger            |   117 |    95 |   169 ||   381
       Bite              |     6 |     6 |    20 ||    32
       Rapier            |       |       |    47 ||    47
       Staff             |       |       |     1 ||     1
 Cast: Corona            |     2 |       |       ||     2
       Ensorcelled Hiber |    16 |    45 |    42 ||   103
       Confuse           |       |     3 |    30 ||    33
  Use: Potion            |       |     1 |     2 ||     3
       Scroll            |       |       |     7 ||     7
 Stab: Sleeping          |    21 |    41 |    49 ||   111
       Confused          |       |     2 |    16 ||    18
       Distracted        |       |     1 |     1 ||     2
  Eat: Corpse            |       |       |     1 ||     1
Armor: Robe              |    24 |     7 |    20 ||    51
Dodge: Dodged            |    93 |    67 |    79 ||   239
